[Event "Guimaraes Open 2019"]
[Site "Guimaraes"]
[Date "2019.09.01"]
[Round "7.34"]
[White "Vasconcelos, Roberio"]
[Black "Korning, Peter"]
[Result "0-1"]
[ECO "C77"]
[WhiteElo "1836"]
[BlackElo "1972"]
[Annotator "NA"]
[PlyCount "92"]
[EventDate "2019.08.28"]
[EventType "swiss"]
[EventCountry "POR"]
[SourceTitle "playchess.com"]
[Source "ChessBase"]
[SourceQuality "1"]
[TimeControl "5400+30"]

1. e4 e5 2. Nf3 Nc6 3. Bb5 a6 4. Ba4 Nf6 5. Nc3 b5 6. Bb3 Bc5 7. d3 h6 8. O-O d6 9. h3 O-O 10. a3 Nd4 11. Nxd4 Bxd4 12. Ne2 Ba7 13. Ng3 d5 14. exd5 Nxd5 15. Qf3 Be6 16. Nh5 Nf4 17. Bxf4 exf4 18. c4 Bd4 19. Rab1 g5 20. Bc2 Qd7 21. b3 Rfe8 22. Rbd1 Bf5 23. Nxf4 gxf4 24. Qxf4 Kh7 25. Rfe1 Bg6 26. cxb5 axb5 27. a4 c5 28. axb5 Qxb5 29. Rxe8 Rxe8 30. Qg4 Qb4 31. Rf1 Qd2 32. Qd1 Qxd1 33. Rxd1 Re2 34. Bb1 Rxf2 35. Kh1 Kg7 36. Rc1 Rb2 37. Bc2 Be3 38. Re1 Bd2 39. Rb1 Rxc2 40. d4 cxd4 41. b4 Rc1+ 42. Rxc1 Bxc1 43. Kg1 Be3+ 44. Kf1 Bd3+ 45. Ke1 Kf6 46. g4 Ke5 0-1

[Event "Guimaraes Open 2019"]
[Site "Guimaraes"]
[Date "2019.09.01"]
[Round "7.35"]
[White "Nunes, Eduardo"]
[Black "Bertomeu Ginestar, Antoni"]
[Result "0-1"]
[ECO "B70"]
[WhiteElo "1566"]
[BlackElo "1883"]
[Annotator "NA"]
[PlyCount "78"]
[EventDate "2019.08.28"]
[EventType "swiss"]
[EventCountry "POR"]
[SourceTitle "playchess.com"]
[Source "ChessBase"]
[SourceQuality "1"]
[TimeControl "5400+30"]

1. e4 c5 2. Nf3 d6 3. d4 cxd4 4. Nxd4 Nf6 5. Nc3 g6 6. Bb5+ Bd7 7. Bxd7+ Nbxd7 8. O-O Bg7 9. f4 {[%emt 0:02:35] B70: Sicilian Dragon: 6 g3 and 6 Be2 (without a later Be3)} (9. Be3 O-O 10. f4 a6 11. Nde2 b5 12. a3 Rc8 13. Qd2 Nb6 14. Rab1 Nc4 15. Qd3 Nxe3 16. Qxe3 Ng4 17. Qg3 Qb6+ {0-1 (32) Vasilev,M (2481)-Petrov,M (2537) Sofia 2011}) 9... O-O 10. Kh1 Rc8 11. Be3 a6 12. a4 Qb6 $146 ({Predecessor:} 12... Rxc3 13. bxc3 Nxe4 14. Qf3 Ndc5 15. f5 Nxc3 16. Rae1 N3e4 {0-1 (68) Laxman,R (2390)-Mihajlovic,V (2306) playchess.com INT 2006}) 13. Rb1 Qb4 14. f5 Ne5 15. Bg5 Ned7 16. Re1 Rfe8 17. Nb3 Rc4 18. Nd2 Rc5 19. Rf1 e6 20. Bxf6 Nxf6 21. fxg6 hxg6 22. Qf3 Rf8 23. Nb3 Re5 24. Rbe1 Qc4 25. Re2 b5 26. axb5 axb5 27. Nd2 Qc6 28. Qd3 b4 $17 29. Nd1 d5 30. exd5 Rxd5 31. Qb3 Rfd8 32. Qxb4 Qd7 33. Rff2 Rd4 34. Qc3 Ng4 35. Rf3 Rxd2 36. Qxd2 Qxd2 37. Rxd2 Rxd2 38. Nc3 Bxc3 39. h3 Rd1+ 0-1

[Event "Guimaraes Open 2019"]
[Site "Guimaraes"]
[Date "2019.09.01"]
[Round "7.36"]
[White "Simoes, Miguel Patricio"]
[Black "Pina, Tiago"]
[Result "1-0"]
[ECO "B10"]
[WhiteElo "1870"]
[BlackElo "1548"]
[Annotator "NA"]
[PlyCount "117"]
[EventDate "2019.08.28"]
[EventType "swiss"]
[EventCountry "POR"]
[SourceTitle "playchess.com"]
[Source "ChessBase"]
[SourceQuality "1"]
[TimeControl "5400+30"]

1. e4 c6 2. Nc3 d5 3. Nf3 dxe4 4. Nxe4 Nf6 5. Qe2 Bf5 6. Ng3 Bxc2 7. d3 Ba4 8. b3 Bb5 9. Bb2 e6 10. O-O-O Be7 11. Ne5 Qd5 12. h4 a5 13. Nc4 a4 14. Ne4 Ra6 15. g4 Bxc4 16. bxc4 Qa5 17. Bc3 Qb6 18. Kc2 Nxe4 19. dxe4 Bf6 20. Bxf6 gxf6 21. e5 Ke7 22. exf6+ Kxf6 23. g5+ Ke7 24. Qf3 Nd7 25. Rb1 Qc7 26. Bh3 Rb6 27. Rbd1 Rb4 28. Qc3 c5 29. Qxh8 Rxc4+ 30. Kb1 Qb6+ 31. Ka1 a3 32. Rd2 Rd4 33. Rb1 Qa5 34. Rc2 Qa4 35. Qxh7 Rxh4 36. Qd3 Rxh3 37. Qxh3 Qxc2 38. Qxa3 Qxf2 39. Rxb7 Qg1+ 40. Rb1 Qxg5 41. Qc3 Qe5 42. Kb2 Kd6 43. Qxe5+ Nxe5 44. Kc3 f5 45. a4 Nc6 46. Rd1+ Nd4 47. a5 Kc6 48. Rb1 Nb5+ 49. Kd2 c4 50. a6 c3+ 51. Kc1 Na7 52. Kc2 e5 53. Kxc3 Nc8 54. Kd3 Na7 55. Ke3 Nc8 56. Rc1+ Kd7 57. Kf3 Na7 58. Rb1 Kc8 59. Rb6 1-0

[Event "Guimaraes Open 2019"]
[Site "Guimaraes"]
[Date "2019.09.01"]
[Round "7.37"]
[White "Guimaraes, Alvaro Jose"]
[Black "Reis, Angelica Mufato"]
[Result "1/2-1/2"]
[ECO "A00"]
[WhiteElo "1796"]
[BlackElo "1444"]
[Annotator "NA"]
[PlyCount "113"]
[EventDate "2019.08.28"]
[EventType "swiss"]
[EventCountry "POR"]
[SourceTitle "playchess.com"]
[Source "ChessBase"]
[SourceQuality "1"]
[TimeControl "5400+30"]

1. g3 d5 2. Bg2 Nf6 3. d3 e5 4. c4 Be6 5. cxd5 Bxd5 6. Nf3 Bd6 7. Nc3 Be6 8. O-O O-O 9. Bg5 Nbd7 10. Rc1 h6 11. Bd2 c6 12. Qc2 Re8 13. Rfd1 Rc8 14. Be1 Bf5 15. a3 Nb6 16. b4 c5 17. b5 c4 18. e4 cxd3 19. Qxd3 Bxa3 20. Qxd8 Rexd8 21. Rxd8+ Rxd8 22. Ra1 Bb2 23. Rxa7 Bxc3 24. Bxc3 Bxe4 25. Nxe5 Rd1+ 26. Bf1 Bd5 27. f3 Nbd7 28. Kf2 Nxe5 29. Bxe5 Bxf3 30. Bxf6 gxf6 31. Kxf3 Rxf1+ 32. Kg4 Kg7 33. Rxb7 Kg6 34. Rb8 f5+ 35. Kh3 f4 36. Kg2 Rb1 37. b6 fxg3 38. hxg3 Kf5 39. Kh3 Rb4 40. b7 h5 41. Kg2 Rb2+ 42. Kf3 Rb3+ 43. Kf2 Rb2+ 44. Ke3 Rb3+ 45. Kd4 f6 46. Kd5 Rb1 47. Kc6 Rc1+ 48. Kd6 Rb1 49. Ke7 Rb6 50. Kf7 Rb3 51. Kf8 Kg6 52. Kg8 f5 53. Kh8 Kh6 54. Kg8 Kg6 55. Kf8 Kf6 56. Ke8 Ke6 57. Kf8 1/2-1/2

[Event "Guimaraes Open 2019"]
[Site "Guimaraes"]
[Date "2019.09.01"]
[Round "7.38"]
[White "Silva, Mark Orlov"]
[Black "Soares, Sara Joana De Moura "]
[Result "0-1"]
[ECO "A45"]
[WhiteElo "1272"]
[BlackElo "1533"]
[Annotator "NA"]
[PlyCount "64"]
[EventDate "2019.08.28"]
[EventType "swiss"]
[EventCountry "POR"]
[SourceTitle "playchess.com"]
[Source "ChessBase"]
[SourceQuality "1"]
[TimeControl "5400+30"]

1. d4 Nf6 2. Bf4 d5 3. e3 e6 4. c3 Be7 5. Nd2 O-O 6. Bd3 Nbd7 7. Ngf3 c5 8. O-O c4 9. Bc2 Nh5 10. Bg3 Nxg3 11. hxg3 b5 12. a3 Qb6 13. Kh2 a5 14. Rh1 Bf6 15. Kg1 g6 16. Kf1 Bb7 17. Ke2 Rfe8 18. Rh3 Kg7 19. g4 h6 20. Qh1 Rh8 21. Qh2 Qd8 22. Rh1 Bg5 23. e4 Qe7 24. Nxg5 Qxg5 25. Nf3 Qd8 26. Rxh6 dxe4 27. Rh7+ Rxh7 28. Qxh7+ Kf8 29. Nh4 Qg5 30. f3 Nf6 31. Qh8+ Ke7 32. Nxg6+ Qxg6 0-1